 Dungeon Sprint DCSS version 0.27-a0-1513-g2aaa0cc67b (webtiles) character file.

Game seed: 11258474200864922993

88 mhtbhm the Shield-Bearer (level 4, -1/67 HPs)
             Began as a Minotaur Fighter on July 9, 2021.
             Slain by an ice beast (5 damage)
             ... in the Dungeon (Sprint IX: "|||||||||||||||||||||||||||||").
             The game lasted 00:00:12 (43 turns).

mhtbhm the Shield-Bearer (Minotaur Fighter)           Turns: 43, Time: 00:00:12

Health: -1/67      AC:  7    Str: 22    XL:     4   Next: 30%
Magic:  3/3        EV:  8    Int:  5    God:
Gold:   0          SH: 10    Dex:  9    Spells: 3/3 levels left

rFire    . . .     SeeInvis .   a - +0 trident
rCold    . . .     Faith    .   c - +0 kite shield
rNeg     . . .     Spirit   .   b - +0 scale mail
rPois    .         Reflect  .   (helmet restricted)
rElec    .         Harm     .   (no cloak)
rCorr    .         Rampage  .   (no gloves)
Will     .....     NoTele   +   (no boots)
Stlth    ..........             (no amulet)
HPRegen  0.21/turn              (no ring)
MPRegen  0.08/turn              (no ring)

@: berserking (expiring), very quick
A: horns 2, retaliatory headbutt
a: no special abilities


You were in the Dungeon.
You visited 1 branch

Inventory:

Hand Weapons
 a - a +0 trident (weapon)
Armour
 b - a +0 scale mail (worn)
 c - a +0 kite shield (worn)
Scrolls
 j - a scroll of blinking
Potions
 d - a potion of might
 e - a potion of curing
 f - a potion of heal wounds
 g - a potion of haste
 h - 2 potions of magic


   Skills:
 + Level 6.3 Fighting
 + Level 4.1 Polearms
 + Level 6.3 Armour
 + Level 0.4 Dodging
 + Level 7.1 Shields


You had 3 spell levels left.
You didn't know any spells.
Your spell library was empty.

Dungeon Overview and Level Annotations

Branches:
Dungeon (1/1)

Altars:


Innate Abilities, Weirdness & Mutations

You have a pair of horns on your head.
You reflexively headbutt those who attack you in melee.


Message History

* * * LOW HITPOINT WARNING * * *
You puncture the ogre!
You kill the ogre!
Your Fighting skill gained 2 levels and is now at level 6!
Your Polearms skill gained 2 levels and is now at level 4!
Your Armour skill gained 2 levels and is now at level 6!
Your Shields skill gained 3 levels and is now at level 7!
You have reached level 2!
You have reached level 3!
Your experience leads to an increase in your attributes!
Increase (S)trength, (I)ntelligence, or (D)exterity?
You feel stronger.
You have reached level 4!
You feel stronger.
Unknown command.
You puncture the quokka!
You kill the quokka!
Unknown command.
Reach: a) +0 trident
Press: ? - help, Dir - move target, f - ice beast
Aim: an ice beast (about 41% to evade your +0 trident)
You reach to attack!
You puncture the ice beast!
The ice beast is moderately wounded.
Unknown command.
Your shield and scale mail prevent you from hitting the ice beast.
Your headbutt misses the ice beast.
The ice beast is moderately wounded.
The ice beast hits you.
* * * LOW HITPOINT WARNING * * *
The ice beast freezes you.
* * * LOW HITPOINT WARNING * * *
You puncture the ice beast!
The ice beast is severely wounded.
The ice beast barely misses you.
You barely miss the ice beast.
The ice beast is severely wounded.
The ice beast hits you.
* * * LOW HITPOINT WARNING * * *
The ice beast freezes you.
You die... ▓▓▓▓▓▓▓▓▓▓▓▓▓▓▓▓▓▓ +...ZSY@....)...<▓ ▓▓▓▓▓▓▓▓▓▓▓▓▓▓▓▓▓▓

You could see an ice beast, an adder and a quokka skeleton.

Vanquished Creatures
  An ogre (D)
  A ball python (D)
  2 goblins (D)
  A kobold (D)
  A quokka (D)
  A bat (D)
7 creatures vanquished.

Notes
Turn   | Place    | Note
-------+----------+-------------------------------------------
     0 | D        | mhtbhm the Minotaur Fighter began the quest for the Orb.
     0 | D        | Reached XP level 1. HP: 19/19 MP: 0/0
     7 | D        | Reached skill level 4 in Shields
    33 | D        | Noticed an ice beast
    33 | D        | Noticed an ogre
    38 | D        | Killed an ogre
    39 | D        | Reached skill level 7 in Shields
    39 | D        | Reached XP level 2. HP: 10/31 MP: 1/1
    39 | D        | Reached XP level 3. HP: 13/38 MP: 2/2
    39 | D        | Reached XP level 4. HP: 15/45 MP: 3/3
    43 | D        | Slain by an ice beast

Illustrated notes

Levels and vault maps discovered:
D:        linesprint [early_d, line_temple, items_1, d_10, items_2, lair_1,
          lair_end, items_3, orc_1, orc_end, items_4, d_15, swamp_1, shoals_1,
          snake_1, spider_1, d_20, vaults_1, items_5, swamp_end, shoals_end,
          snake_end, spider_end, vaults_end, d_27, items_6, zot_1, zot_end,
          crypt_end, forest_end, elf_end, slime_end, tomb_end, abyss_end,
          pan_hell_end]

Skill      XL: |  1 |
---------------+----+-----
Fighting       | 6 |  6.3
Armour         | 6 |  6.3
Shields        | 7 |  7.1
Polearms       | 4 |  4.1
Dodging        | |  0.4

Action                   |  1- 3 |  4- 6 || total
-------------------------+-------+-------++-------
Melee: Trident           |    17 |     5 ||    22
       Headbutt          |     1 |       ||     1
  Use: Potion            |     1 |       ||     1
Armor: Scale mail        |     6 |       ||     6
Dodge: Dodged            |     4 |     1 ||     5
Block: Kite shield       |     8 |       ||     8

Table legend: (Time is in decaauts)
 A = Elapsed time spent in this place.
 B = Non-inter-level travel time spent in this place.
 C = Inter-level travel time spent in this place.
 D = Time resting spent in this place.
 E = Time spent auto-exploring this place.
 F = Levels seen in this place.
 G = Mean time per level.
                   A        B        C        D        E       F      G
               +--------+--------+--------+--------+--------+-----+--------+
         Total |     47 |     47 |      0 |     10 |      3 |   1 |   47.0 |
       Dungeon |     47 |     47 |      0 |     10 |      3 |   1 |   47.0 |
               +--------+--------+--------+--------+--------+-----+--------+

Top non-repeatable levels by time:
       D: 47 daAuts
